 Dungeon Crawl Stone Soup version 0.31-a0-574-g69dc8cc98e (webtiles) character file.

Game seed: 11695895492758950198

2572720 RepHenryClay the Annihilator (level 27, 121/152 HPs)
             Began as a Deep Elf Hedge Wizard on Aug 16, 2023.
             Was the Champion of Vehumet.
             Escaped with the Orb
             ... and 5 runes on Aug 18, 2023!
             The game lasted 03:41:35 (97838 turns).

RepHenryClay the Annihilator (DEHW)                Turns: 97838, Time: 03:41:36

Health: 121/152    AC: 14    Str:  5    XL:     27
Magic:  16/58      EV: 42    Int: 40    God:    Vehumet [******]
Gold:   7172       SH: 10    Dex: 25    Spells: 1/67 levels left

rFire   + . .        a - staff of conjuration
rCold   + + +        V - +3 buckler {rN+}
rNeg    + . .        B - +4 skin of Zhor {*Englaciate rC+++ SInv}
rPois   +            o - +1 hat of a ziggurat {rElec Regen+ Dex+3}
rElec   +            s - +1 cloak "Horywn" {rCorr Slay+3}
rCorr   +            k - +2 pair of gloves of the Dwarven Hall {rCorr}
SInv    +            p - +1 pair of boots of Serendipity {Int+3}
Will    ++++.        R - amulet of Zickofre {Acrobat rF+ Int+4}
Stlth   ++           U - ring of Feptam {EV+5 Int+5 Dex+2}
HPRegen 1.25/turn    g - ring "Ceudgh" {rElec rPois Will+ MP+9}
MPRegen 0.36/turn

%: acrobat, clarity
@: enlightened, flying, hasted, studying Throwing, very quick
A: clarity, weak 1
0: Orb of Zot
}: 5/15 runes: decaying, serpentine, slimy, silver, abyssal
a: Renounce Religion


You escaped.
You worshipped Vehumet.
Vehumet was exalted by your worship.
You visited 12 branches of the dungeon, and saw 56 of its levels.
You visited the Abyss 1 time.
You also visited: Ice Cave.

You collected 9890 gold pieces.
You spent 2718 gold pieces at shops.

Inventory:

Armour
 c - a +2 pair of boots of flying
 k - the +2 pair of gloves of the Dwarven Hall (worn) {rCorr}
   (You found it on level 10 of the Dungeon)

   rCorr:     It protects you from acid and corrosion.
 o - the +1 hat of a ziggurat (worn) {rElec Regen+ Dex+3}
   (You found it on level 1 of the Realm of Zot)

   Dex+3:     It affects your dexterity (+3).
   rElec:     It insulates you from electricity.
   Regen+:    It increases your rate of health regeneration.
 p - the +1 pair of boots of Serendipity (worn) {Int+3}
   (You found it on level 5 of the Pits of Slime)

   Int+3:     It affects your intelligence (+3).
 s - the +1 cloak "Horywn" (worn) {rCorr Slay+3}
   (You found it on level 1 of the Realm of Zot)

   Slay+3:    It affects your accuracy & damage with ranged weapons and melee
   (+3).
   rCorr:     It protects you from acid and corrosion.
 B - the +4 skin of Zhor (worn) {*Englaciate rC+++ SInv}
   (You found it in an ice cave)

   *Englaciate: It radiates cold, occasionally slowing all nearby creatures who
   are not resistant to cold.
   rC+++:     It renders you almost immune to cold.
   SInv:      It lets you see invisible.
 V - a +3 buckler of positive energy (worn)
Magical Staves
 a - a staff of conjuration (weapon)
Jewellery
 f - an amulet of regeneration
 g - the ring "Ceudgh" (right hand) {rElec rPois Will+ MP+9}
   (You took it off a deep elf zephyrmancer on level 3 of the Elven Halls)

   [ring of willpower]

   rElec:     It insulates you from electricity.
   rPois:     It protects you from poison Will+: It increases your willpower.
   MP+9:      It affects your magic capacity (+9).
 i - the ring of Sureveuk {rPois Will+ MP-9 Dex+6}
   (You took it off a fire giant on level 3 of the Depths)

   [ring of willpower]

   Dex+6:     It affects your dexterity (+6).
   rPois:     It protects you from poison Will+: It increases your willpower.
   MP-9:      It affects your magic capacity (-9).
 x - the ring of Lyvo {rF+ rC+ Will+ rCorr Str+3}
   (You took it off a vampire knight on level 2 of the Realm of Zot)

   [ring of willpower]

   Str+3:     It affects your strength (+3).
   rF+:       It protects you from fire.
   rC+:       It protects you from cold.
   Will+:     It increases your willpower.
   rCorr:     It protects you from acid and corrosion.
 E - the amulet of Division {RegenMP rPois Dex+3}
   (You found it on level 3 of the Swamp)

   [amulet of magic regeneration]

   RegenMP:   It increases your rate of magic regeneration.
   Dex+3:     It affects your dexterity (+3).
   rPois:     It protects you from poison
 F - the ring of Ehokimi {rC- rN+ Will++ Dex+5}
   (You found it on level 3 of the Crypt)

   [ring of positive energy]

   Dex+5:     It affects your dexterity (+5).
   rC-:       It makes you vulnerable to cold.
   rN+:       It protects you from negative energy.
   Will++:    It greatly increases your willpower.
 J - the ring "Not Nejo" {Ice MP+9 Str+2 Int+5}
   (You took it off a salamander on level 4 of the Snake Pit)

   [ring of ice]

   Ice:       It enhances your ice magic.
   Str+2:     It affects your strength (+2).
   Int+5:     It affects your intelligence (+5).
   rF-:       It makes you vulnerable to fire.
   rC+:       It protects you from cold.
   MP+9:      It affects your magic capacity (+9).
 K - the dreamshard necklace {Acrobat *Dream}
   (You found it on level 2 of the Swamp)

   [amulet of the acrobat]

   *Dream:    It absorbs a single lethal wound into itself, holding its wearer
   just short of death and releasing dream-creatures to guard them.
   Acrobat:   It increases your evasion while moving and waiting.
 Q - the ring of Rosoint {rElec rN+ Int+2}
   (You found it on level 3 of the Crypt)

   [ring of positive energy]

   Int+2:     It affects your intelligence (+2).
   rElec:     It insulates you from electricity.
   rN+:       It protects you from negative energy.
 R - the amulet of Zickofre (around neck) {Acrobat rF+ Int+4}
   (You bought it in a shop on level 2 of the Orcish Mines)

   [amulet of the acrobat]

   Acrobat:   It increases your evasion while moving and waiting.
   Int+4:     It affects your intelligence (+4).
   rF+:       It protects you from fire.
 S - the ring of Music {rN+ Will++}
   (You found it on level 4 of the Depths)

   [ring of positive energy]

   rN+:       It protects you from negative energy.
   Will++:    It greatly increases your willpower.
 U - the ring of Feptam (left hand) {EV+5 Int+5 Dex+2}
   (You found it on level 5 of the Vaults)

   [ring of evasion]

   EV+5:      It affects your evasion (+5).
   Int+5:     It affects your intelligence (+5).
   Dex+2:     It affects your dexterity (+2).
Wands
 b - a wand of mindburst (34)
 j - a wand of charming (33)
 u - a wand of digging (29)
 I - a wand of roots (41)
 P - a wand of light (36)
Scrolls
 e - 11 scrolls of fog
 r - 10 scrolls of blinking
 t - 13 scrolls of teleportation
 v - 2 scrolls of revelation
 y - 8 scrolls of fear
 z - 9 scrolls of enchant weapon
 C - 4 scrolls of summoning
 G - 6 scrolls of poison
 M - 4 scrolls of amnesia
 N - 5 scrolls of brand weapon
 W - 8 scrolls of vulnerability
 X - 5 scrolls of immolation
 Z - 2 scrolls of enchant armour
Potions
 d - 5 potions of magic
 h - 16 potions of curing
 l - 7 potions of resistance
 n - 7 potions of brilliance
 q - 6 potions of attraction
 w - 7 potions of heal wounds
 A - 16 potions of mutation
 D - 7 potions of might
 L - 6 potions of haste
 O - 3 potions of cancellation
 T - 4 potions of ambrosia
Miscellaneous
 m - a lightning rod (4/4)


   Skills:
 - Level 10.0 Fighting
 - Level 12.0 Staves
 + Level 26.9 Dodging
 - Level 15.0 Stealth
 - Level 6.0 Shields
 - Level 20.5 Spellcasting
 O Level 27 Conjurations
 - Level 1.1 Summonings
 - Level 6.1 Translocations
 + Level 26.3 Fire Magic
 - Level 5.5 Ice Magic
 - Level 5.0 Air Magic
 - Level 12.0 Earth Magic
 - Level 12.0 Evocations


You had one spell level left.
You knew the following spells:

 Your Spells              Type           Power      Damage    Failure   Level
a - Leda's Unmaking       Conj/Erth      69%        9d11      1%          6
b - Ignition              Fire           64%        3d17      1%          8
c - Mephitic Cloud        Conj/Pois/Air  100%       N/A       1%          3
d - Iskenderun's Mystic   Conj/Tloc      100%       2d19      0%          4
e - Magic Dart            Conj           100%       1d8       0%          1
f - Freezing Cloud        Conj/Ice/Air   59%        6-21      1%          5
g - Orb of Destruction    Conj           78%        9d18      0%          7
h - Airstrike             Air            34%        2d(5-21)  1%          4
i - Plasma Beam           Fire/Air       52%        2x1d67    1%          6
k - Lee's Rapid Deconstr  Erth           47%        3d23*     1%          5
l - Starburst             Conj/Fire      77%        6d20      0%          6
m - Fire Storm            Conj/Fire      77%        8d20      1%          9
Q - Blink                 Tloc           100%       N/A       1%          2

Your spell library contained the following spells:

 Spells                   Type           Power      Damage    Failure   Level
 Apportation              Tloc           100%       N/A       1%          1
 Freeze                   Ice            100%       1d10      1%          1
 Slow                     Hex            100%       N/A       1%          1
 Sting                    Tmut/Pois      100%       1d8       1%          1
 Summon Small Mammal      Summ           100%       N/A       1%          1
 Momentum Strike          Conj/Tloc      100%       3d10      0%          2
 Scorch                   Fire           100%       2d9       0%          2
 Static Discharge         Conj/Air       100%       2-7/arc   0%          2
 Dazzling Flash           Conj/Hex       100%       N/A       0%          3
 Hailstorm                Conj/Ice       100%       3d20      0%          3
 Inner Flame              Hex/Fire       98%        N/A       0%          3
 Stone Arrow              Conj/Erth      100%       3d13      0%          3
 Volatile Blastmotes      Fire/Tloc      100%       2d18      0%          3
 Flame Wave               Conj/Fire      100%       2d21      0%          4
 Sticky Flame             Conj/Fire      100%       2d11      0%          4
 Fireball                 Conj/Fire      77%        3d29      0%          5
 Iskenderun's Battlesphe  Conj           100%       2d15      0%          5
 Call Imp                 Summ           98%        N/A       1%          2
 Cigotuvi's Dreadful Rot  Necr/Pois/Air  100%       N/A       1%          2
 Ensorcelled Hibernation  Hex/Ice        100%       N/A       1%          2
 Lesser Beckoning         Tloc           100%       N/A       1%          2
 Poisonous Vapours        Pois/Air       100%       N/A       1%          2
 Wereblood                Tmut           41%        N/A       1%          2
 Frozen Ramparts          Ice            100%       1d16      1%          3
 Gell's Gravitas          Tloc           74%        N/A       1%          3
 Ignite Poison            Fire/Tmut/Pois 84%        N/A       1%          3
 Ozocubu's Armour         Ice            71%        N/A       1%          3
 Portal Projectile        Hex/Tloc       100%       N/A       1%          3
 Vhi's Electric Charge    Tloc/Air       100%       N/A       1%          3
 Animate Armour           Summ/Erth      100%       N/A       1%          4
 Leda's Liquefaction      Hex/Erth       36%        N/A       1%          4
 Manifold Assault         Tloc           74%        N/A       1%          4
 Passage of Golubria      Tloc           74%        N/A       1%          4
 Arcjolt                  Conj/Air       65%        1d75      1%          5
 Irradiate                Conj/Tmut      61%        3d32      1%          5
 Conjure Ball Lightning   Conj/Air       65%        3x3d23    1%          6
 Spellforged Servitor     Conj/Summ      62%        N/A       1%          7
 Lehudib's Crystal Spear  Conj/Erth      69%        10d16     1%          8
 Summon Ice Beast         Ice/Summ       61%        N/A       2%          4
 Summon Lightning Spire   Summ/Air       60%        N/A       2%          4
 Borgnjor's Vile Clutch   Necr/Erth      36%        N/A       2%          5
 Tukima's Dance           Hex            41%        N/A       3%          3
 Summon Forest            Summ/Tloc      31%        N/A       6%          5
 Yara's Violent Unravell  Hex/Tmut       20%        3d9       7%          5
 Anguish                  Hex/Necr       20%        N/A       10%         4
 Animate Dead             Necr           41%        N/A       10%         4
 Cause Fear               Hex            20%        N/A       10%         4
 Dispel Undead            Necr           41%        3d16      10%         4
 Silence                  Hex/Air        28%        N/A       10%         5
 Dispersal                Tloc           37%        N/A       12%         6
 Summon Mana Viper        Hex/Summ       45%        N/A       22%         5
 Ozocubu's Refrigeration  Ice            35%        4d15      22%         7
 Agony                    Necr           41%        N/A       26%         5
 Alistair's Intoxication  Tmut/Pois      27%        N/A       26%         5
 Eringya's Noxious Bog    Tmut/Pois      20%        4d6       36%         6
 Simulacrum               Ice/Necr       29%        N/A       43%         6
 Summon Cactus Giant      Summ           24%        N/A       67%         6
 Death Channel            Necr           20%        N/A       83%         6
 Maxwell's Capacitive Co  Air            34%        ∞         87%         8
 Malign Gateway           Summ/Tloc      31%        N/A       88%         7
 Monstrous Menagerie      Summ           24%        N/A       99%         7
 Summon Hydra             Summ           24%        N/A       99%         7
 Disjunction              Tloc           37%        N/A       99%         8
 Enfeeble                 Hex            20%        N/A       100%        7
 Haunt                    Necr/Summ      22%        N/A       100%        7
 Discord                  Hex            20%        N/A       100%        8
 Infestation              Necr           20%        N/A       100%        8
 Summon Horrible Things   Summ           24%        N/A       100%        8
 Dragon's Call            Summ           24%        N/A       100%        9


Dungeon Overview and Level Annotations

Branches:
Dungeon (15/15)            Temple (1/1) D:6            Lair (5/5) D:8
  Swamp (4/4) Lair:3        Snake (4/4) Lair:3        Slime (5/5) Lair:5
    Orc (2/2) D:12            Elf (3/3) Orc:2        Vaults (5/5) D:14
  Crypt (3/3) Vaults:2       Tomb (0/3) Crypt:3      Depths (4/4) D:15
    Zot (5/5) Depths:4      IceCv (visited)

Altars:
Ashenzari
Cheibriados
Dithmenos
Elyvilon
Fedhas
Gozag
Hepliaklqana
Kikubaaqudgha
Makhleb
Nemelex Xobeh
Okawaru
Qazlal
Ru
Sif Muna
Trog
Uskayaw
Vehumet
Wu Jian
Xom
Yredelemnul
Zin
The Shining One
Jiyva

Shops:
D:5 [   D:6 (   Orc:2 (?=?[   Elf:2 [   Elf:3 (   Swamp:3 *   Snake:1 (:
Depths:1 *

Portals:
Hell: Depths:1 Depths:2 Depths:3 Depths:4
Abyss: Depths:3
Pandemonium: Orc:2 Depths:2
Ziggurat: Depths:2

Annotations:
Elf:2 3 runed translucent doors


Innate Abilities, Weirdness & Mutations

You possess an exceptional clarity of mind.
You are weak. (Str -2)


Message History

Magic courses through your body.
Veebon is engulfed in a thunderstorm.
Casting: Iskenderun's Mystic Blast (safe; 0% risk of failure)
Confirm with . or Enter, or press ? or * to list all spells.
Aiming: Fire Storm (dangerous; 1% risk of failure)
Press: ? - help, Dir - move target You feel a surge of power!
A raging storm of fire appears!
The great blast of fire engulfs Veebon!!!
You kill Veebon!
Vehumet accepts your kill.
You feel your power returning.
The great blast of fire engulfs the demonspawn warmonger!!!!
The demonspawn warmonger is almost dead.
The great blast of fire engulfs the reaper!!!
You kill the reaper!
Vehumet accepts your kill.
You feel your power returning.
Your fire vortex is no longer moving slowly.
Casting: Fire Storm (dangerous; 1% risk of failure)
Confirm with . or Enter, or press ? or * to list all spells.
Aiming: Fire Storm (dangerous; 1% risk of failure)
Press: ? - help, Dir - move target You feel a surge of power!
A raging storm of fire appears!
The great blast of fire engulfs the demonspawn warmonger!!!
You kill the demonspawn warmonger!
Vehumet accepts your kill.
You feel your power returning.
You are engulfed in a thunderstorm.
You resist.
Your fire vortex is no longer moving slowly.
Damage: -4%(-7hp) hp: 72%(108hp)
Your fire vortex sizzles in the rain.
Aiming: Dig
Press: ? - help, Shift-Dir - straight line, f - you Please select a direction to dig.
This square is covered in magical glow.
The rock shatters into small pieces.
You feel very buoyant.
You fly up into the air.
Your fire vortex is no longer moving slowly.
There is a stone staircase leading down here.
There is a staircase leading out of the dungeon here.
You have escaped!

###### #.....
#####################.####
##.'...~≈≈≈≈...'....†.†....
#.[##..#####..#############
##.##..♣♣P@P♣♣..# #
#...##..♣♣.♣♣..## #
#...#♣.........♣ #
#...#♣.♣.~~~.♣.♣ #
####...#♣..~~8~~..♣
##......#♣.♣.~~≈.♣.♣###
###..######♣.........♣#.#
#...## ##..♣♣.♣♣..##.#
##.### #..♣♣P>P♣♣..#.#


There were no monsters in sight!

Vanquished Creatures
  A pandemonium lord (D:1)
  the Royal Jelly (Slime:5)
  4 dread liches
  5 ancient liches
  4 orbs of fire
  Mennas (Vaults:3)
  The ghost of Joggorr the Slayer, a veteran OgBe of Trog (Zot:1)
  4 Killer Klowns
  Bai Suzhen (Crypt:3)
  3 caustic shrikes (Zot:1)
  A shard shrike (Zot:1)
  2 curse toes
  11 golden dragons
  Nikola (Snake:3)
  the Enchantress (Depths:2)
  A profane servitor (Crypt:3)
  5 bone dragons
  3 electric golems
  A Tzitzimitl (D:1)
  18 tentacled monstrosities
  An Ice Fiend (D:7)
  Jorgrun (Swamp:1)
  Mlioglotl (Swamp:1)
  Zenata (Crypt:3)
  4 titans
  11 liches
  Asterion (Vaults:3)
  A walking frostbound tome (Depths:4)
  24 Orb Guardians (Zot:5)
  14 quicksilver dragons
  3 deep elf master archers (Elf:3)
  10 death cobs
  25 acid blobs
  An acid blob (shapeshifter) (Vaults:5)
  The ghost of bmack86 the Slayer, an adept MiFi of Trog (Swamp:3)
  3 Executioners
  5 sphinxes
  2 deep elf blademasters (Elf:3)
  8 tengu reavers
  15 storm dragons
  2 thorn hunters
  Kirke (Lair:3)
  10 tentacled starspawn
  16 nagarajas (Snake:4)
  Donald (Orc:2)
  10 shadow dragons
  A fenstrider witch (Swamp:3)
  12 rockslimes
  6 draconian monks
  An azure jelly (shapeshifter) (Depths:3)
  16 azure jellies
  6 fire giants
  Aizul (Snake:2)
  A revenant (Crypt:2)
  6 draconian knights
  A demonspawn warmonger (D:1)
  2 draconian scorchers
  6 deep elf sorcerers
  10 frost giants
  13 vault wardens
  Louise (Lair:3)
  An iron dragon (Vaults:5)
  A balrug (Depths:2)
  4 deep elf elementalists (Elf:3)
  A caustic shrike zombie (Crypt:3)
  2 orc warlords
  A juggernaut zombie (Abyss:4)
  5 ghost moths
  4 spectral caustic shrikes (Depths:4)
  18 ironbound preservers
  2 hydra zombies (Swamp:4)
  4 curse skulls
  7 draconian annihilators
  A juggernaut skeleton (Crypt:2)
  5 draconian shifters
  2 draconian stormcallers
  16 very ugly things
  2 reapers
  6 spriggan defenders
  A stone giant (shapeshifter) (Depths:3)
  4 formless jellyfish
  A formless jellyfish (shapeshifter) (Depths:3)
  12 ghouls
  5 war gargoyles
  An ophan (Abyss:1)
  11 quicksilver oozes
  4 ironbound thunderhulks
  5 green draconians
  A caustic shrike skeleton (Crypt:2)
  Nessos (D:12)
  10 black draconians
  8 deep elf annihilators
  10 vampire knights
  11 stone giants
  12 deep elf demonologists
  15 yellow draconians
  2 eleionomae
  6 spark wasps
  2 spark wasps (shapeshifter) (Depths:3)
  14 white draconians
  3 bunyips (Swamp:3)
  7 dire elephants
  12 eidola (Crypt:3)
  10 purple draconians
  10 deep elf death magi
  An iron golem (Depths:3)
  8 red draconians
  3 crystal guardians
  2 blizzard demons (Depths:3)
  6 jiangshi
  Josephine (Orc:2)
  9 ettins
  8 fire dragons
  5 shambling mangroves
  A mummy priest (Crypt:3)
  An entropy weaver (Vaults:1)
  6 deep elf high priests
  9 great orbs of eyes
  A spriggan skeleton (Abyss:4)
  A spriggan zombie (Crypt:3)
  6 rakshasas
  5 ice dragons
  A hydra (shapeshifter) (Depths:3)
  7 yaktaur captains
  3 ogre magi
  15 hydras
  A ghost crab (Swamp:4)
  32 vault guards
  4 death knights
  6 peacekeepers
  4 salamander tyrants (Snake:4)
  3 demonspawn (Orc:2)
  10 alligators
  An anaconda (shapeshifter) (Elf:2)
  2 spriggan air magi
  5 anacondas
  5 boulder beetles
  10 ironbound frosthearts
  15 centaur warriors
  17 naga warriors
  16 dancing weapons
  13 death yaks
  3 deep troll earth magi
  2 two-headed ogres
  2 deep troll shamans
  4 tengu warriors
  8 orc high priests (Orc:2)
  9 naga sharpshooters
  A titan zombie (Crypt:1)
  2 spriggan berserkers
  8 vampire magi
  4 hell hogs
  A shock serpent (shapeshifter) (Depths:3)
  10 shock serpents
  5 thrashing horrors
  6 hell knights (Depths:4)
  A soul eater (Abyss:2)
  18 deep elf knights
  Nergalle (Lair:3)
  3 sun demons
  3 salamander mystics (Snake:4)
  5 skysharks
  A cherub (Zot:3)
  16 skeletal warriors
  2 sixfirhies
  35 deep trolls
  4 wretched stars
  2 iron giant zombies
  4 naga ritualists
  A bunyip zombie (Crypt:1)
  8 goliath frogs
  3 flayed ghosts
  5 spriggan druids
  An anaconda zombie (Crypt:3)
  A death drake (Swamp:3)
  2 iron trolls (Depths:4)
  2 bog bodies
  11 glowing orange brains
  6 obsidian statues
  3 spectral hydras (Swamp:4)
  4 harpies (Vaults:1)
  9 deep elf archers
  18 phantasmal warriors
  5 lindwurms
  12 orc knights
  6 wizards
  A harpy (shapeshifter) (Vaults:5)
  10 swamp dragons
  13 ironbound convokers
  An anaconda skeleton (Crypt:2)
  2 wolf spiders (Crypt:3)
  28 deep elf pyromancers
  3 oklob plants (Swamp:4)
  5 mana vipers
  An iron dragon zombie (Crypt:1)
  7 necromancers
  A human zombie (Vaults:2)
  30 ugly things
  3 orc sorcerers (Orc:2)
  29 moths of wrath
  26 deep elf zephyrmancers
  5 will-o-the-wisps
  7 shining eyes
  9 salamanders
  A faun (shapeshifter) (Vaults:2)
  2 worldbinders
  5 cyclopes
  5 manticores
  3 apocalypse crabs
  2 naga zombies (Crypt:3)
  An ice statue (IceCv)
  2 rust devils
  6 torpor snails
  6 centaur zombies (Crypt:3)
  37 black mambas
  3 dire elephant zombies (Crypt:3)
  21 vault sentinels
  8 eyes of devastation
  A cane toad (shapeshifter) (Depths:3)
  16 naga magi
  A molten gargoyle (Depths:3)
  7 guardian serpents
  The ghost of epsilonplus the Cutter, a novice VSBr of Hepliaklqana (D:6)
  3 orange demons
  6 smoke demons
  An alligator snapping turtle zombie (Crypt:3)
  5 cane toads
  A centaur skeleton (Crypt:1)
  A gargoyle (D:11)
  5 kobold demonologists
  A naga skeleton (Crypt:1)
  34 yaktaurs
  8 unseen horrors (Depths:4)
  3 hellions
  10 rime drakes
  A red draconian zombie (Crypt:1)
  A yaktaur (shapeshifter) (Depths:2)
  2 ice devils
  2 tengu conjurers
  3 efreet
  11 freezing wraiths
  A dire elephant skeleton (Crypt:2)
  13 komodo dragons
  A minotaur zombie (Crypt:1)
  An anaconda simulacrum (Crypt:1)
  2 harpy zombies
  8 trolls
  A white draconian skeleton (Crypt:2)
  8 ancient zymes
  A guardian mummy (Crypt:3)
  A red devil (D:1)
  9 polar bears
  18 tyrant leeches
  A bloated husk (Swamp:2)
  A mana viper skeleton (Crypt:1)
  2 wind drakes (Depths:3)
  A meliai (D:15)
  3 hellwings
  A tengu simulacrum (Vaults:2)
  3 death drake zombies (Swamp:4)
  2 tarantellas (shapeshifter) (Depths:3)
  20 hornets
  A death drake skeleton (Swamp:4)
  Prince Ribbit (D:8)
  5 raiju
  A tyrant leech (shapeshifter) (Depths:4)
  23 blink frogs
  An ettin zombie (Crypt:3)
  A human simulacrum (Vaults:2)
  A snapping turtle (shapeshifter) (Vaults:2)
  6 dream sheep (Lair:5)
  98 slime creatures
  7 air elementals
  3 jumping spiders (Crypt:3)
  4 vampires
  A culicivora (shapeshifter) (Elf:3)
  A black mamba zombie (Crypt:2)
  2 shadows
  3 ynoxinuls
  11 spriggans
  11 wraiths
  A human (Swamp:1)
  37 yaks
  6 fire bats (Abyss:3)
  8 water elementals
  15 starcursed masses
  6 wyverns
  4 fire elementals
  9 golden eyes
  5 basilisks
  A basilisk (shapeshifter) (Depths:3)
  2 hogs (Lair:3)
  7 steam dragons
  5 neqoxecs
  3 wargs
  4 redbacks (Crypt:3)
  15 vampire mosquitoes
  7 chaos spawn
  16 swamp worms
  A harpy simulacrum (Abyss:4)
  42 nagas
  13 water moccasins
  A faun zombie (Crypt:2)
  3 hydra simulacra (Swamp:4)
  4 acid dragons
  2 floating eyes (Zot:2)
  16 small abominations
  A black bear (shapeshifter) (Abyss:3)
  4 ice beasts
  15 large abominations
  36 orc warriors
  7 swamp drakes
  3 sky beasts
  2 black bears
  An ogre (shapeshifter) (Depths:3)
  A swamp dragon zombie (Swamp:4)
  8 ogres
  A centaur (D:7)
  A wolf (shapeshifter) (Depths:3)
  18 wolves
  3 boggarts (Vaults:4)
  A swamp dragon skeleton (Swamp:4)
  An elephant skeleton (Crypt:2)
  4 phantoms
  2 kobold brigands (D:14)
  A yaktaur zombie (Crypt:1)
  13 bullfrogs
  2 cane toad simulacra (Lair:1)
  13 earth elementals
  14 necrophages
  A gnoll sergeant (D:5)
  4 scorpions
  10 wights
  A water moccasin zombie (Crypt:1)
  12 wyvern skeletons (Crypt:3)
  4 killer bees (D:11)
  8 howler monkeys
  An electric eel (D:13)
  A wolf zombie (Crypt:2)
  4 quasits
  A wolf skeleton (Crypt:1)
  26 orc priests
  5 hounds
  4 iguanas (Lair:5)
  2 iron imps
  A gnoll bouda (D:4)
  A sleepcap (D:6)
  19 orc wizards
  A howler monkey zombie (Crypt:2)
  2 mummies (Crypt:3)
  8 gnolls
  10 adders
  A shadow imp (D:7)
  3 white imps
  An ufetubus (Abyss:3)
  An iguana zombie (Crypt:2)
  3 worms
  4 dart slugs
  98 orcs
  6 bats
  5 endoplasms
  2 giant cockroaches
  11 hobgoblins
  9 jackals
  5 quokkas
  8 ball pythons
  A dart slug zombie (Crypt:2)
  A frilled lizard (D:3)
  6 goblins
  A jackal skeleton (Crypt:2)
  A jackal zombie (Crypt:2)
  7 kobolds
  26 rats
  3 ball lightnings (Depths:3)
  10 fire vortices
  A lurking horror (Abyss:2)
  3 starspawn tentacles
2498 creatures vanquished.

Vanquished Creatures (collateral kills)
  An Orb Guardian (Zot:5)
  2 tentacled monstrosities
  2 acid blobs
  A vault warden (Vaults:3)
  2 draconian knights (Zot:3)
  A draconian annihilator (Zot:1)
  The ghost of snackwell the Geomancer, a journeyman DgEE (Lair:3)
  A white draconian (Zot:1)
  A yellow draconian (Depths:4)
  A deep elf high priest (Elf:3)
  A spriggan zombie (Abyss:4)
  An ironbound frostheart (Vaults:3)
  A storm dragon zombie (Crypt:3)
  A deep elf pyromancer (Elf:3)
  A necromancer (Vaults:5)
  A moth of wrath (Zot:3)
  2 slime creatures (Slime:1)
  A slime creature (shapeshifter) (Abyss:3)
  A spriggan (Depths:2)
  A golden eye (Slime:1)
  A small abomination (Abyss:2)
  A hound (D:7)
  A starcursed mass (Abyss:3)
  An orc wizard (Vaults:5)
  A white imp (Abyss:2)
  An endoplasm (shapeshifter) (Vaults:5)
30 creatures vanquished.

Vanquished Creatures (others)
  A black mamba (Snake:4)
  2 bloated husks (Swamp:2)
  2 hornets (Swamp:2)
  A blink frog (Abyss:2)
  3 spriggans (Swamp:2)
  4 humans
  6 ball lightnings (Depths:3)
  411 fire vortices
  30 foxfires
  15 starspawn tentacles
475 creatures vanquished.

Grand Total: 3003 creatures vanquished

Notes
Turn   | Place    | Note
-------+----------+-------------------------------------------
     0 | D:1      | RepHenryClay the Deep Elf Hedge Wizard began the quest for
                  | the Orb.
     0 | D:1      | Reached XP level 1. HP: 10/10 MP: 7/7
   142 | D:1      | Reached skill level 2 in Conjurations
   200 | D:1      | Reached XP level 2. HP: 15/15 MP: 3/9
   462 | D:1      | Reached skill level 3 in Conjurations
   750 | D:1      | Reached XP level 3. HP: 19/19 MP: 6/10
  1546 | D:2      | Reached skill level 4 in Conjurations
  1900 | D:2      | Reached XP level 4. HP: 24/24 MP: 8/12
  2638 | D:3      | Learned a level 2 spell: Blink
  2642 | D:3      | Learned a level 3 spell: Mephitic Cloud
  2841 | D:3      | Reached skill level 5 in Conjurations
  2946 | D:3      | Identified the +2 robe of Okawaru's Outrage {rN+ Int-2
                  | SInv}
  2998 | D:3      | Reached XP level 5. HP: 28/28 MP: 8/13
  3096 | D:3      | Reached skill level 6 in Conjurations
  3290 | D:3      | Found a glowing silver altar of Zin.
  3291 | D:3      | Found a white marble altar of Elyvilon.
  3292 | D:3      | Found a glowing golden altar of the Shining One.
  3586 | D:3      | Found a hide-covered altar of Uskayaw.
  3896 | D:4      | Reached XP level 6. HP: 32/32 MP: 4/14
  4377 | D:4      | Reached skill level 7 in Conjurations
  4873 | D:4      | Learned a level 4 spell: Iskenderun's Mystic Blast
  4915 | D:5      | Entered Level 5 of the Dungeon
  4942 | D:5      | Found a stormy altar of Qazlal.
  5114 | D:5      | Noticed an ice beast
  5467 | D:5      | Found a hazy altar of Hepliaklqana.
  5508 | D:5      | Reached XP level 7. HP: 36/36 MP: 2/15
  5638 | D:5      | Found a faded altar of an unknown god.
  5757 | D:5      | Found a sparkling altar of Nemelex Xobeh.
  6106 | D:6      | Noticed a steam dragon
  6626 | D:6      | Reached skill level 5 in Dodging
  6655 | D:6      | Killed a steam dragon
  6706 | D:6      | Found a staircase to the Ecumenical Temple.
  6722 | Temple   | Entered the Ecumenical Temple
  6728 | Temple   | Became a worshipper of Vehumet
  6758 | D:5      | Found Yrybroa's Armour Emporium.
  6804 | D:6      | Found a bloodstained altar of Trog.
  6869 | D:6      | Noticed a +0 lajatang
  6871 | D:6      | Found Sauseum's Weapon Shop.
  6875 | D:6      | Noticed a +0 triple crossbow
  6925 | D:6      | Found a large runed translucent door.
  6925 | D:6      | Found a large runed translucent door.
  6929 | D:6      | Noticed epsilonplus's ghost (novice VSBr)
  6931 | D:6      | Found an ancient bone altar of Kikubaaqudgha.
  6932 | D:6      | Noticed a human
  6935 | D:6      | Killed a human
  7155 | D:7      | Noticed a steam dragon
  7217 | D:7      | Reached XP level 8. HP: 41/41 MP: 9/16
  7288 | D:6      | Reached skill level 5 in Translocations
  7934 | D:7      | Reached skill level 8 in Conjurations
  7998 | D:7      | Found a basalt altar of Yredelemnul.
  8110 | D:7      | Reached XP level 9. HP: 43/44 MP: 0/17
  8679 | D:8      | Noticed Prince Ribbit
  8708 | D:8      | Killed Prince Ribbit
  8709 | D:8      | Reached skill level 10 in Dodging
  8838 | D:8      | Reached skill level 9 in Conjurations
  9244 | D:8      | Identified a scroll of acquirement
  9249 | D:8      | Acquired the ring of Byiniefece {rElec rN+ Will+ rCorr
                  | Dex-2}
  9375 | D:8      | Found a sacrificial altar of Ru.
  9432 | D:8      | Found a staircase to the Lair.
  9433 | D:8      | Noticed a komodo dragon
  9480 | D:8      | Killed a komodo dragon
 10014 | D:9      | Reached skill level 10 in Conjurations
 10032 | D:9      | Reached skill level 5 in Spellcasting
 10095 | D:9      | Found an ornate altar of the Wu Jian Council.
 10312 | D:9      | Found a broken altar of Ashenzari.
 10486 | D:9      | Noticed a troll
 10501 | D:9      | Killed a troll
 10502 | D:9      | Reached XP level 10. HP: 43/50 MP: 7/20
 10545 | D:9      | Noticed a manticore
 10559 | D:9      | Killed a manticore
 10559 | D:9      | Reached * piety under Vehumet
 10559 | D:9      | Offered knowledge of Shock by Vehumet.
 10926 | D:10     | Entered Level 10 of the Dungeon
 10944 | D:10     | Noticed a cyclops
 10961 | D:10     | Killed a cyclops
 11169 | D:10     | Reached skill level 11 in Conjurations
 11291 | D:10     | Identified the +2 pair of gloves of the Dwarven Hall
                  | {rCorr}
 11689 | D:10     | Found a runed translucent door.
 11690 | D:10     | Found a burning altar of Makhleb.
 11690 | D:10     | Noticed a sixfirhy
 11821 | D:10     | Found a blossoming altar of Fedhas.
 12011 | D:11     | Noticed a gargoyle
 12019 | D:11     | Killed a gargoyle
 12420 | D:11     | Noticed a two-headed ogre
 12443 | D:11     | Killed a two-headed ogre
 12444 | D:11     | Reached XP level 11. HP: 54/54 MP: 10/26
 12970 | D:12     | Found a staircase to the Orcish Mines.
 13006 | D:12     | Reached ** piety under Vehumet
 13017 | D:12     | Offered knowledge of Sandblast by Vehumet.
 13393 | D:12     | Reached skill level 12 in Conjurations
 13569 | D:12     | Identified the +4 long sword of Ytopin {flame, rF+}
 13643 | D:12     | Noticed a boulder beetle
 13644 | D:12     | Noticed Nessos
 13659 | D:12     | Noticed a two-headed ogre
 13667 | D:12     | Killed Nessos
 13676 | D:12     | Killed a two-headed ogre
 13677 | D:12     | Reached skill level 10 in Spellcasting
 13690 | D:12     | Killed a boulder beetle
 14274 | D:12     | Offered knowledge of Stone Arrow by Vehumet.
 14290 | D:11     | Learned a level 3 spell: Stone Arrow
 14482 | Lair:1   | Entered Level 1 of the Lair of Beasts
 14497 | Lair:1   | Reached skill level 1 in Earth Magic
 14604 | Lair:1   | Found a frozen archway.
 14637 | IceCv    | Entered an ice cave
 14645 | IceCv    | Reached skill level 5 in Earth Magic
 14646 | IceCv    | Reached *** piety under Vehumet
 14742 | IceCv    | Noticed a death yak
 14807 | IceCv    | Reached XP level 12. HP: 57/59 MP: 18/29
 14845 | IceCv    | Noticed a death yak
 14851 | IceCv    | Killed a death yak
 14852 | IceCv    | Noticed a death yak
 14866 | IceCv    | Reached skill level 13 in Conjurations
 14891 | IceCv    | Killed a death yak
 15478 | IceCv    | Noticed a death yak
 15478 | IceCv    | Noticed a death yak
 15562 | IceCv    | Killed a death yak
 15800 | IceCv    | Noticed a death yak
 15860 | IceCv    | Killed a death yak
 15958 | IceCv    | Killed a death yak
 15959 | IceCv    | Reached skill level 15 in Dodging
 15960 | IceCv    | Killed a death yak
 16058 | IceCv    | Noticed a death yak
 16058 | IceCv    | Noticed a frost giant
 16090 | IceCv    | Killed a frost giant
 16273 | IceCv    | Killed a death yak
 16280 | IceCv    | Offered knowledge of Sticky Flame by Vehumet.
 16427 | IceCv    | Found the +4 skin of Zhor {*Englaciate rC+++ SInv}
 16768 | Lair:1   | Learned a level 5 spell: Freezing Cloud
 16828 | Lair:1   | Reached skill level 1 in Ice Magic
 16829 | Lair:1   | Reached skill level 1 in Air Magic
 17439 | Lair:2   | Reached XP level 13. HP: 63/63 MP: 15/31
 17634 | Lair:2   | Reached **** piety under Vehumet
 18109 | Lair:2   | You fall into a shaft and drop 2 floors!
 18155 | Lair:3   | Found a large runed translucent door.
 18155 | Lair:3   | Found a large runed translucent door.
 18156 | Lair:3   | Noticed snackwell's ghost (journeyman DgEE)
 18188 | Lair:3   | Noticed Nergalle
 18194 | Lair:3   | Killed Nergalle
 18283 | Lair:3   | Reached skill level 5 in Ice Magic
 18377 | Lair:3   | Found a staircase to the Snake Pit.
 18423 | Lair:3   | Reached skill level 5 in Air Magic
 18834 | Lair:3   | Found a staircase to the Swamp.
 19109 | Lair:3   | Reached skill level 14 in Conjurations
 19702 | Lair:4   | Offered knowledge of Arcjolt by Vehumet.
 19714 | Lair:4   | Learned a level 5 spell: Arcjolt
 20538 | Lair:5   | Entered Level 5 of the Lair of Beasts
 20561 | Lair:5   | Reached XP level 14. HP: 67/68 MP: 27/34
 20565 | Lair:5   | Reached skill level 15 in Conjurations
 20754 | Lair:5   | Found a staircase to the Slime Pits.
 20797 | Lair:5   | Reached ***** piety under Vehumet
 20844 | Lair:5   | Offered knowledge of Olgreb's Toxic Radiance by Vehumet.
 21048 | Lair:5   | Found a shimmering blue altar of Sif Muna.
 21356 | Lair:5   | Found a runed translucent door.
 21411 | Lair:5   | Reached skill level 15 in Spellcasting
 22339 | Lair:5   | Acquired a staff of air
 22601 | Orc:1    | Entered Level 1 of the Orcish Mines
 22601 | Orc:1    | Found a shimmering altar of Xom.
 22688 | Orc:2    | Entered Level 2 of the Orcish Mines
 22705 | Orc:2    | Noticed Donald
 22714 | Orc:2    | Killed Donald
 23002 | Orc:1    | Found a bloodstained altar of Trog.
 23104 | Orc:1    | Reached skill level 16 in Conjurations
 23118 | Orc:1    | Offered knowledge of Airstrike by Vehumet.
 23124 | Orc:1    | Learned a level 4 spell: Airstrike
 23402 | Orc:2    | Noticed Josephine
 23419 | Orc:2    | Killed Josephine
 23608 | Orc:2    | Reached skill level 1 in Fighting
 23867 | Orc:2    | Found Fuxeas's Weapon Emporium.
 23901 | Orc:2    | Found a staircase to the Elven Halls.
 24177 | Orc:2    | Found Beicw's Magic Scroll Emporium.
 24180 | Orc:2    | Found Asuo's Magic Scroll Shoppe.
 24385 | Orc:2    | Bought a scroll of noise for 16 gold pieces
 24385 | Orc:2    | Bought a scroll of fear for 64 gold pieces
 24385 | Orc:2    | Bought a scroll of teleportation for 48 gold pieces
 24391 | Orc:2    | Bought a scroll of identify for 28 gold pieces
 24391 | Orc:2    | Bought a scroll of identify for 28 gold pieces
 24391 | Orc:2    | Bought a scroll of identify for 28 gold pieces
 24391 | Orc:2    | Bought a scroll of blinking for 105 gold pieces
 24391 | Orc:2    | Bought a scroll of teleportation for 42 gold pieces
 24391 | Orc:2    | Bought a scroll of revelation for 105 gold pieces
 24393 | Orc:2    | Reached skill level 5 in Fighting
 24393 | Orc:2    | Reached XP level 15. HP: 82/82 MP: 36/36
 24586 | Orc:2    | Reached XP level 16. HP: 76/88 MP: 27/38
 24727 | Orc:2    | Found Xaijuth's Jewellery Shop.
 24727 | Orc:2    | Found Lepnelaj's Antique Armour Boutique.
 24749 | Orc:2    | Found a one-way gate leading to the halls of Pandemonium.
 24777 | Orc:2    | Bought a ring of poison resistance for 320 gold pieces
 24777 | Orc:2    | Bought the amulet of Zickofre {Acrobat rF+ Int+4} for 838
                  | gold pieces
 24816 | Orc:2    | Upgraded the game from 0.31-a0-557-g6e16503903 to
                  | 0.31-a0-564-g3b7de120b3
 24868 | D:13     | Offered knowledge of Plasma Beam by Vehumet.
 24932 | D:13     | Learned a level 6 spell: Plasma Beam
 24960 | D:13     | Identified the +8 chain mail "Kirhiar" {rC+ Int+3}
 25093 | D:13     | Identified the +9 spear of Cowardice {freeze, Dex+4 Stlth+}
 26305 | D:14     | Found a white marble altar of Elyvilon.
 26685 | D:14     | Reached skill level 17 in Conjurations
 26876 | D:14     | Found a gate to the Vaults.
 27366 | D:15     | Entered Level 15 of the Dungeon
 28014 | D:15     | Found a staircase to the Depths.
 29041 | Swamp:1  | Entered Level 1 of the Swamp
 29044 | Swamp:1  | Noticed Louise
 29177 | Swamp:1  | Noticed Kirke
 29319 | Lair:3   | Killed Louise
 29464 | Lair:3   | Killed Kirke
 29755 | Swamp:1  | Noticed Mlioglotl
 29762 | Swamp:1  | Noticed Jorgrun
 29957 | Swamp:1  | Killed Jorgrun
 30219 | Swamp:1  | Noticed a lich
 30298 | Snake:1  | Entered Level 1 of the Snake Pit
 30416 | Snake:1  | Found Ripsyl Gidu's Book Emporium.
 30421 | Snake:1  | Found Yxoiluy's Weapon Shoppe.
 30433 | Snake:1  | Bought a book of the Earth for 648 gold pieces
 30440 | Snake:1  | Learned a level 6 spell: Leda's Unmaking
 30776 | Snake:1  | Reached XP level 17. HP: 85/92 MP: 23/41
 30777 | Snake:1  | Offered knowledge of Conjure Ball Lightning by Vehumet.
 30798 | Snake:1  | Identified the +5 long sword of the Usurping Gods {holy,
                  | Drain +Blink rN++ SInv}
 31348 | Snake:2  | Identified the +7 falchion "Nynaenur" {protect, rC+}
 31783 | Snake:2  | Noticed Aizul
 31791 | Snake:2  | Killed Aizul
 32300 | Snake:3  | Reached skill level 10 in Earth Magic
 33372 | Snake:4  | Entered Level 4 of the Snake Pit
 33372 | Snake:4  | Noticed Nikola
 34053 | Snake:4  | Offered knowledge of Spellforged Servitor by Vehumet.
 34832 | Snake:4  | Reached skill level 18 in Conjurations
 36077 | Snake:4  | Identified the ring "Not Nejo" {Ice MP+9 Str+2 Int+5}
 36951 | Snake:4  | Reached XP level 18. HP: 82/96 MP: 30/43
 37233 | Snake:4  | Reached ****** piety under Vehumet
 37523 | Snake:4  | Offered knowledge of Irradiate by Vehumet.
 37689 | Snake:4  | Got a serpentine rune of Zot
 38371 | D:6      | Killed epsilonplus's ghost
 39054 | Swamp:1  | Reached skill level 19 in Conjurations
 39147 | Swamp:1  | Killed Mlioglotl
 40332 | Swamp:2  | Found the dreamshard necklace {Acrobat *Dream}
 40360 | Swamp:2  | Reached skill level 1 in Evocations
 40469 | Swamp:2  | Reached skill level 1 in Staves
 40913 | Swamp:3  | Found Hic Qaps's Island Escapes.
 41507 | Swamp:3  | Noticed a tentacled monstrosity
 41512 | Swamp:3  | Killed a tentacled monstrosity
 41709 | Swamp:3  | Found a transporter.
 41710 | Swamp:3  | Noticed a tentacled monstrosity
 41729 | Swamp:3  | Found a transporter.
 41731 | Swamp:3  | Noticed a tentacled monstrosity
 41782 | Swamp:3  | Found a runed translucent door.
 41783 | Swamp:3  | Noticed bmack86's ghost (adept MiFi)
 41786 | Swamp:3  | Identified the +7 trident of a ziggurat {flame, rF+}
 42096 | Swamp:3  | Killed bmack86's ghost
 42654 | Swamp:3  | Learned a level 5 spell: Lee's Rapid Deconstruction
 42695 | Swamp:3  | Reached skill level 5 in Evocations
 42695 | Swamp:3  | Killed a tentacled monstrosity
 42699 | Swamp:3  | Identified the amulet of Division {RegenMP rPois Dex+3}
 42701 | Swamp:3  | Identified the staff of World Downfall {rPois rF- SInv
                  | Conj}
 43013 | Swamp:4  | Entered Level 4 of the Swamp
 43018 | Swamp:4  | Reached skill level 5 in Staves
 43026 | Swamp:4  | Offered knowledge of Starburst by Vehumet.
 43030 | Swamp:4  | Reached skill level 1 in Shields
 43507 | Swamp:4  | Reached XP level 19. HP: 101/101 MP: 34/45
 44025 | Swamp:4  | Reached skill level 5 in Shields
 44280 | Swamp:4  | Found a basalt altar of Yredelemnul.
 44325 | Swamp:4  | Found a blossoming altar of Fedhas.
 44466 | Swamp:4  | Got a decaying rune of Zot
 44820 | Vaults:1 | Entered Level 1 of the Vaults
 44851 | Vaults:1 | Found a magical portal.
 46589 | Vaults:2 | Found a staircase to the Crypt.
 47439 | Vaults:2 | Reached skill level 10 in Fighting
 48260 | Vaults:2 | Learned a level 6 spell: Starburst
 48538 | Vaults:3 | Noticed Mennas
 48883 | Elf:1    | Entered Level 1 of the Elven Halls
 49073 | Elf:1    | Reached XP level 20. HP: 117/117 MP: 19/46
 49082 | Elf:1    | Offered knowledge of Lehudib's Crystal Spear by Vehumet.
 49082 | Elf:1    | Offered knowledge of Fire Storm by Vehumet.
 49082 | Elf:1    | Offered knowledge of Maxwell's Capacitive Coupling by
                  | Vehumet.
 49362 | Elf:1    | Reached skill level 5 in Stealth
 50556 | Elf:2    | Found a radiant altar of Vehumet.
 50825 | Elf:2    | Found a runed translucent gate.
 50825 | Elf:2    | Found a runed translucent gate.
 50827 | Elf:2    | Found a runed translucent gate.
 51062 | Elf:2    | Found Tera's Armour Shoppe.
 51663 | Elf:3    | Entered Level 3 of the Elven Halls
 51675 | Elf:3    | Learned a level 9 spell: Fire Storm
 51678 | Elf:3    | Identified the +4 scimitar of the Eleven Things {holy,
                  | rElec}
 51741 | Elf:3    | Reached skill level 1 in Fire Magic
 51996 | Elf:3    | Found Yluitam's Weapon Emporium.
 52136 | Elf:3    | Identified the +0 ring mail "Qecec" {rC- Str+9 Int+4}
 52288 | Elf:3    | Paralysed by an air elemental for 1 turns
 52290 | Elf:3    | Reached skill level 5 in Fire Magic
 52357 | Elf:3    | Identified the +9 scimitar "Hell-Harrower" {flame, *Corrode
                  | +Blink rC+ Will+ Int+4}
 52357 | Elf:3    | Identified the amulet "Qyboit" {Acrobat Rampage Stlth+}
 53160 | Vaults:3 | Noticed Asterion
 53166 | Vaults:3 | Killed Asterion
 53504 | Vaults:3 | Paralysed by a formless jellyfish for 1 turns
 53745 | Vaults:4 | Paralysed by a formless jellyfish for 1 turns
 54963 | Vaults:4 | Reached skill level 10 in Fire Magic
 55131 | Vaults:4 | Reached XP level 21. HP: 122/122 MP: 47/47
 56326 | Crypt:1  | Entered Level 1 of the Crypt
 56822 | Crypt:1  | Reached XP level 22. HP: 127/127 MP: 43/48
 56976 | Crypt:1  | Learned a level 7 spell: Orb of Destruction
 57515 | Crypt:1  | Identified the +0 ring mail of Snakes and Ladders {rF+
                  | Str+2}
 57911 | Crypt:2  | Identified the +12 plate armour of Impressiveness {rCorr}
 58435 | Crypt:3  | Entered Level 3 of the Crypt
 58453 | Crypt:3  | Reached skill level 15 in Fire Magic
 58750 | Crypt:3  | Noticed Bai Suzhen
 58784 | Crypt:3  | Killed Bai Suzhen
 58976 | Crypt:3  | Paralysed by a Zot trap for 3 turns
 59194 | Crypt:3  | Noticed Zenata
 59205 | Crypt:3  | Killed Zenata
 60628 | Crypt:3  | Found a staircase to the Tomb.
 60913 | Crypt:3  | Found a basalt altar of Yredelemnul.
 61657 | Crypt:3  | Identified the +3 falchion of Keicenir {antimagic, Drain
                  | Int+6}
 62031 | Crypt:3  | Reached skill level 20 in Conjurations
 62453 | Crypt:3  | Identified the ring of Ehokimi {rC- rN+ Will++ Dex+5}
 62453 | Crypt:3  | Identified the ring of Rosoint {rElec rN+ Int+2}
 63156 | Elf:3    | Identified the +8 dire flail of Ysmom {flame, Drain rN+
                  | Int+2 SInv}
 63156 | Elf:3    | Identified the ring "Ceudgh" {rElec rPois Will+ MP+9}
 63614 | Elf:3    | Reached XP level 23. HP: 132/132 MP: 47/49
 64233 | Elf:3    | Got the Encyclopedia of Topology and Shapes
 64254 | Elf:3    | Identified the +11 sling of the Dozen Seers {antimagic, rC+
                  | Dex+5}
 64302 | Elf:3    | Identified the +8 short sword of Xeuxzit {drain, Str+4}
 64769 | Vaults:3 | Reached skill level 21 in Conjurations
 67105 | Vaults:3 | Killed Mennas
 67753 | Lair:3   | Killed snackwell's ghost
 67984 | Snake:3  | Killed Nikola
 68215 | Depths:1 | Entered Level 1 of the Depths
 68594 | Depths:1 | Found Coatorphi's Assorted Antiques.
 68605 | Depths:1 | Bought a pair of runed boots for 292 gold pieces
 68605 | Depths:1 | Bought a brass wand for 156 gold pieces
 69198 | Depths:1 | Found a gateway to Hell.
 69938 | Depths:2 | Reached skill level 22 in Conjurations
 70203 | Depths:2 | Noticed the Enchantress
 70205 | Depths:2 | Killed the Enchantress
 70647 | Depths:2 | You fall into a shaft and drop 1 floor!
 71348 | Depths:2 | Found a one-way gateway to a ziggurat.
 72673 | Depths:3 | Reached XP level 24. HP: 133/137 MP: 49/49
 72693 | Depths:3 | Reached skill level 23 in Conjurations
 73291 | Depths:3 | Identified the ring of Sureveuk {rPois Will+ MP-9 Dex+6}
 73351 | Depths:3 | Identified the +7 long sword of the Eggplant {vamp, rPois
                  | rC++}
 73543 | Depths:3 | Identified the ring of Cockoak {rC+ rCorr Str+5}
 73625 | Depths:3 | Identified the +2 lajatang of Exoneration {heavy, rElec
                  | Dex+3 SInv}
 73951 | Depths:3 | Found a one-way gate to the infinite horrors of the Abyss.
 74030 | Depths:4 | Entered Level 4 of the Depths
 74999 | Depths:4 | Found a gate to the Realm of Zot.
 75268 | Depths:4 | Identified the ring of Music {rN+ Will++}
 76084 | Vaults:5 | Entered Level 5 of the Vaults
 76085 | Vaults:5 | Noticed an ancient lich
 76097 | Vaults:5 | Killed an ancient lich
 76455 | Vaults:5 | Identified the ring of Feptam {EV+5 Int+5 Dex+2}
 76806 | Vaults:5 | Noticed a dread lich
 76808 | Vaults:5 | Killed a dread lich
 77252 | Vaults:5 | Identified the +9 longbow "Goipnon" {heavy, rPois}
 77252 | Vaults:5 | Identified the +6 battleaxe of Isobreeg {drain, Int+4}
 77440 | Vaults:5 | Identified the +5 spear of Wojeunte {venom, rElec rF++ rN+
                  | Int-2}
 77447 | Vaults:5 | Reached skill level 10 in Evocations
 77477 | Vaults:5 | Reached XP level 25. HP: 141/141 MP: 22/49
 77706 | Vaults:5 | Identified the +8 dagger of the New World {antimagic,
                  | *Noise rC+++ Int+6 Stlth-}
 77869 | Vaults:5 | Noticed an ancient lich
 77871 | Vaults:5 | Killed an ancient lich
 77872 | Vaults:5 | Reached skill level 10 in Staves
 78846 | Vaults:5 | Got a silver rune of Zot
 79660 | Zot:1    | Entered Level 1 of the Realm of Zot
 79942 | Zot:1    | Reached skill level 24 in Conjurations
 80600 | Zot:1    | Got the Textbook on Collective Infection
 80776 | Zot:1    | Found a transporter.
 80781 | Zot:1    | Noticed Joggorr's ghost (veteran OgBe)
 80785 | Zot:1    | Noticed a shard shrike
 80796 | Zot:1    | Found a transporter.
 80952 | Zot:2    | Noticed a dread lich
 80960 | Zot:2    | Killed a dread lich
 81333 | Zot:2    | Identified the ring of Lyvo {rF+ rC+ Will+ rCorr Str+3}
 81841 | Zot:2    | Noticed a Killer Klown
 81848 | Zot:2    | Killed a Killer Klown
 83164 | Zot:3    | Reached XP level 26. HP: 147/147 MP: 49/49
 84096 | Zot:4    | Reached skill level 25 in Conjurations
 84098 | Zot:4    | Noticed an orb of fire
 84822 | Zot:4    | Noticed an orb of fire
 85241 | Slime:1  | Entered Level 1 of the Pits of Slime
 87474 | Slime:5  | Entered Level 5 of the Pits of Slime
 87853 | Slime:5  | Found a viscous altar of Jiyva.
 88662 | Slime:5  | Noticed the Royal Jelly
 88675 | Slime:5  | Killed the Royal Jelly
 88838 | Slime:5  | Identified the +1 ring mail of Coiwkynu {Rampage rC+}
 88870 | Slime:5  | Identified the staff "Hellblazer" {Fragile rPois rF+ rC++
                  | rN+++ Int-3 Poison}
 88877 | Slime:5  | Identified the amulet of Daunn {Faith rPois rF+ rCorr}
 88891 | Slime:5  | Got a slimy rune of Zot
 88974 | Slime:5  | Identified the +4 arbalest "Zuamuoh" {penet, Int+3}
 88975 | Slime:5  | Identified the +2 leather armour "Kyofuhou" {rElec}
 88978 | Slime:5  | Identified the +6 flail "Vink" {flame, rPois Stlth+}
 88979 | Slime:5  | Identified the +1 pair of boots of Serendipity {Int+3}
 89002 | Slime:5  | Got the Enchiridion on Impure Incandescence
 89029 | Slime:5  | Learned a level 8 spell: Ignition
 89868 | Zot:4    | Reached skill level 26 in Conjurations
 90193 | Zot:4    | Gained mutation: You are dopey. (Int -2) [an orb of fire]
 90197 | Zot:4    | Killed an orb of fire
 90205 | Zot:4    | Gained mutation: You are clumsy. (Dex -2) [an orb of fire]
 90374 | Zot:4    | Killed an orb of fire
 90671 | Zot:4    | Lost mutation: You are clumsy. (Dex -2) [potion of
                  | mutation]
 90671 | Zot:4    | Lost mutation: You are dopey. (Int -2) [potion of mutation]
 90671 | Zot:4    | Gained mutation: You have hidden genetic defects. [potion
                  | of mutation]
 90671 | Zot:4    | Gained mutation: Your flesh is heat resistant. (rF+)
                  | [potion of mutation]
 90843 | Zot:1    | Reached XP level 27. HP: 152/152 MP: 49/49
 90851 | Zot:1    | Killed Joggorr's ghost
 90858 | Zot:1    | Identified the +1 hat of a ziggurat {rElec Regen+ Dex+3}
 90876 | Zot:1    | Identified the +1 cloak "Horywn" {rCorr Slay+3}
 91016 | Depths:3 | Voluntarily entered the Abyss.
 91093 | Abyss:1  | Reached skill level 10 in Stealth
 91213 | Abyss:2  | Found a corrupted altar of Lugonu.
 91253 | Abyss:2  | Found an ornate altar of the Wu Jian Council.
 91465 | Abyss:2  | Found a corrupted altar of Lugonu.
 91469 | Abyss:2  | Gained mutation: Your magical capacity is low. (-10% MP)
                  | [hidden defects]
 91921 | Abyss:3  | Found a corrupted altar of Lugonu.
 91925 | Abyss:3  | Found a corrupted altar of Lugonu.
 91925 | Abyss:3  | Found a corrupted altar of Lugonu.
 92397 | Abyss:3  | Found a corrupted altar of Lugonu.
 92407 | Abyss:3  | Noticed a dread lich
 92410 | Abyss:3  | Killed a dread lich
 92411 | Abyss:3  | Reached skill level 15 in Stealth
 92451 | Abyss:3  | Gained mutation: You are weak. (Str -2) [hidden defects]
 92451 | Abyss:3  | Lost mutation: You have hidden genetic defects. [hidden
                  | defects expressed]
 92453 | Abyss:3  | Got an abyssal rune of Zot
 92785 | Abyss:4  | Noticed a dread lich
 92792 | Abyss:4  | Killed a dread lich
 92923 | Depths:3 | Escaped the Abyss
 92924 | Depths:3 | Upgraded the game from 0.31-a0-564-g3b7de120b3 to
                  | 0.31-a0-574-g69dc8cc98e
 93701 | Zot:5    | Entered Level 5 of the Realm of Zot
 94626 | Zot:5    | Noticed an ancient lich
 94628 | Zot:5    | Killed an ancient lich
 94777 | Zot:5    | Noticed an ancient lich
 94779 | Zot:5    | Killed an ancient lich
 94781 | Zot:5    | Noticed an orb of fire
 95035 | Zot:5    | Reached skill level 27 in Conjurations
 95156 | Zot:5    | Noticed an orb of fire
 95157 | Zot:5    | Gained mutation: You occasionally lose the ability to read
                  | scrolls when taking damage. [an orb of fire]
 95160 | Zot:5    | Killed an orb of fire
 95459 | Zot:5    | Killed an orb of fire
 95650 | Zot:5    | Gained mutation: Your body sometimes deteriorates upon
                  | taking damage. [mutagenic glow]
 95667 | Zot:5    | Gained mutation: You occasionally lose the ability to drink
                  | potions when taking damage. [mutagenic glow]
 96630 | Zot:5    | Noticed an ancient lich
 96633 | Zot:5    | Killed an ancient lich
 97369 | Zot:5    | Lost mutation: Your body sometimes deteriorates upon taking
                  | damage. [potion of mutation]
 97369 | Zot:5    | Lost mutation: Your magical capacity is low. (-10% MP)
                  | [potion of mutation]
 97369 | Zot:5    | Lost mutation: Your flesh is heat resistant. (rF+) [potion
                  | of mutation]
 97369 | Zot:5    | Gained mutation: You occasionally shout uncontrollably at
                  | your foes. [potion of mutation]
 97369 | Zot:5    | Gained mutation: Potions are less effective at restoring
                  | your health. [potion of mutation]
 97370 | Zot:5    | Lost mutation: You occasionally lose the ability to drink
                  | potions when taking damage. [potion of mutation]
 97370 | Zot:5    | Lost mutation: You occasionally lose the ability to read
                  | scrolls when taking damage. [potion of mutation]
 97370 | Zot:5    | Lost mutation: You occasionally shout uncontrollably at
                  | your foes. [potion of mutation]
 97370 | Zot:5    | Gained mutation: Potions cannot restore your health.
                  | [potion of mutation]
 97370 | Zot:5    | Gained mutation: Your spells are a little easier to cast,
                  | but a little less powerful. [potion of mutation]
 97370 | Zot:5    | Gained mutation: You have a pair of small antennae on your
                  | head. [potion of mutation]
 97371 | Zot:5    | Lost mutation: You are weak. (Str -2) [potion of mutation]
 97371 | Zot:5    | Lost mutation: Potions cannot restore your health. [potion
                  | of mutation]
 97371 | Zot:5    | Lost mutation: Potions are less effective at restoring your
                  | health. [potion of mutation]
 97371 | Zot:5    | Gained mutation: You possess an exceptional clarity of
                  | mind. [potion of mutation]
 97371 | Zot:5    | Gained mutation: You are robust. (+10% HP) [potion of
                  | mutation]
 97372 | Zot:5    | Lost mutation: You have a pair of small antennae on your
                  | head. [potion of mutation]
 97372 | Zot:5    | Lost mutation: You are robust. (+10% HP) [potion of
                  | mutation]
 97372 | Zot:5    | Lost mutation: Your spells are a little easier to cast, but
                  | a little less powerful. [potion of mutation]
 97372 | Zot:5    | Gained mutation: You are weak. (Str -2) [potion of
                  | mutation]
 97383 | Zot:5    | Got the Orb of Zot
 97810 | D:1      | Noticed Veebon the pandemonium lord
 97820 | D:1      | Killed Veebon the pandemonium lord
 97838 | D:$      | Escaped with the Orb!

Illustrated notes

Levels and vault maps discovered:
D:1:      tarquinn_simple_flora_water_b, layout_rooms, minmay_pentomino_x4
D:2:      layout_basic
D:3:      layout_rooms, good_gods_temple_1, lemuel_crystal_altar,
          grunt_ministairs_10, minmay_rat_hole
D:4:      layout_loops_ring
D:5:      layout_basic, beargit_hepliaklqana_dungeon_heroes,
          grunt_qazlal_clouds, nemelex_spade_bored_becter, columned_hall_lemuel,
          nicolae_take_the_stairs, st_stairs_14
D:6:      layout_cave_pools, mainiacjoe_overflow_24_doors, tgw_kikubaaqudgha,
          minmay_temple_entry_sparse_star, ebering_ghost_disaster_area,
          serial_shops, nicolae_shop_mannequins, nicolae_twisty_statue_hallways
D:7:      layout_basic, amcnicky_altar_gilded, grunt_decor_mini_mirrors,
          uniq_joseph
D:8:      layout_loops_ring, mainiacjoe_overflow_boulevard, david_lair_shrubbed,
          grunt_decor_resistance, uniq_prince_ribbit1
D:9:      layout_basic, evilmike_ruin_ashenzari,
          pdpol_wu_jian_five_deadly_venoms
D:10:     layout_long_grid, nzn_makhleb_speed_demon, lemuel_tele_altar
D:11:     layout_roguey, eino_small_chamber_without_monster
D:12:     layout_irregular_city, hiddenorc2_lemuel, uniq_nessos
D:13:     layout_layer_cave, nicolae_hexahallways, minmay_misc_feat_tower,
          serial_bayou_ford_a
D:14:     layout_cave_pools, erik_vaults_2, elyvilon_altar_1,
          due_unseen_surprise
D:15:     hellmonk_depths_entry_around_the_bend, layout_basic,
          nicolae_figureground_pulse, skrybe_limestone_x, drop_trap
Temple:   hellmonk_temple_two_chambers
Lair:1:   layout_loops_ring, portal_ice_cave_entry_ice_simulacra
Lair:2:   layout_hall_layers, grunt_megastairs_4
Lair:3:   statuecave_lemuel, layout_cave_pods, minmay_swamp_entry_worms,
          guppyfry_snake_entry_garden, ebering_ghost_disaster_area,
          grunt_forest_large_clearing_hut, uniq_nergalle
Lair:4:   layout_cave_pods, grunt_megastairs_5
Lair:5:   guppyfry_lair_end_dragon, layout_regular_city, wormcave,
          slime_entry_1, basic_altar, grunt_megastairs_1
Swamp:1:  layout_basic_swamp, evilmike_swamp_ruin_house_1, uniq_mlioglotl,
          uniq_louise, uniq_kirke, uniq_jorgrun
Swamp:2:  layout_falls_marsh, hangedman_swamp_pad,
          nicolae_swamp_bloodsuckers_inc
Swamp:3:  gammafunk_sealed_arena, layout_falls_marsh,
          ebering_ghost_funeral_grove, evilmike_swamp_ruin_house_3, swamp_pool1,
          nicolae_island_escapes
Swamp:4:  byrel_swamp_growth_death_and_undeath, layout_basic_swamp
Snake:1:  layout_onion_interference, minmay_shoptagon, lemuel_fruit_tree
Snake:2:  layout_cave_shapes, uniq_aizul
Snake:3:  layout_basic, drop_trap
Snake:4:  grunt_snake_rune_spirals, layout_onion, uniq_nikola
Slime:1:  layout_caves, nicolae_slime_phagocytosis
Slime:2:  layout_caves, nicolae_slime_round_cave
Slime:3:  layout_caves
Slime:4:  layout_caves, special_room [special_room_jelly]
Slime:5:  slime_pit_nicolae_trefoil
Orc:1:    layout_caves, hangedman_feature_mirror
Orc:2:    pf_orc_diabolical, layout_caves, serial_shops,
          nicolae_shop_pleasant_corner_grove, uniq_donald, uniq_josephine
Elf:1:    elf_arrival_001, layout_onion_city, hangedman_elf_represent
Elf:2:    nicolae_elf_blades_splatter_lattice [nicolae_blade_entry_antechamber],
          layout_loops_cross, basic_altar, serial_shops,
          nicolae_shop_tiny_statue_garden, lemuel_flamethrower_3, uniq_agnes
Elf:3:    nooodl_elf_gasket, layout_loops_corners, serial_shops, shop
Vaults:1: infiniplex_enter_wizlab_water, st_lattice, vaults_room_corners,
          nicolae_vaults_heart-shaped_vault, nicolae_vaults_cornered_office,
          v_rooms_5, ontoclasm_vaults_twist, vaults_room_pool,
          nicolae_vaults_diamond_2, vaults_room_semicircle,
          vaults_mumra_minichess_inversion, vaults_dpeg_encased_lava,
          nicolae_vaults_stepped_doors, layout_vaults_maze_snakey
Vaults:2: nicolae_vaults_two_Ls, minmay_crypt_entry_vampire_xt,
          hangedman_vaults_variations, grunt_vaults_twisty, vaults_dpeg_spiral,
          ontoclasm_vaults_bender, ontoclasm_vaults_fault,
          nicolae_vaults_hexular_roomagon, nicolae_vaults_storage_room_water,
          nicolae_vaults_diffraction_hallways, nicolae_vaults_tetromino_T_1,
          layout_vaults_chaotic_city
Vaults:3: nicolae_vaults_tetromino_L_1, nicolae_vaults_octothorpe,
          nicolae_vaults_apartment_2, v_alt_pattern_2,
          nicolae_vaults_variable_pillar_hall, ontoclasm_vaults_eye,
          hangedman_vaults_snaps, vaults_room_fours, grunt_vaults_hallway_long,
          vaults_room_semicircle, vaults_standard_mumra_x,
          layout_vaults_omnigrid, uniq_asterion, uniq_mennas
Vaults:4: v_misc_28, ontoclasm_vaults_chip, vaults_room_hallway,
          nicolae_vaults_diamond_2, nicolae_vaults_double_plus_3,
          nicolae_vaults_apartment_2, nicolae_vaults_network_quincunx
          [nicolae_vaults_network_quincunx_subvault,
          nicolae_vaults_network_quincunx_subvault,
          nicolae_vaults_network_quincunx_subvault,
          nicolae_vaults_network_quincunx_subvault,
          nicolae_vaults_network_quincunx_subvault],
          nicolae_vaults_statue_guard, hangedman_vaults_hat,
          nicolae_vaults_ninety_degrees, nicolae_vaults_windows_and_doors_thing,
          ontoclasm_vaults_shuriken, nicolae_vaults_little_squares_2,
          layout_vaults_big_cross
Vaults:5
Crypt:1:  layout_gridlike, grunt_crypt_arrival_webbed
Crypt:2:  layout_rooms
Crypt:3:  evilmike_haunted_forest, uniq_bai_suzhen, uniq_zenata
Depths:1: layout_gridlike, hell_entry, serial_shops, shop,
          minmay_misc_feat_enclosed, lightli_corner_chamber, grunt_megastairs_3
Depths:2: minmay_connected_boxes_in_corner, layout_gridlike, enter_ziggurat_c,
          lightli_too_deep, pan_entry, infiniplex_staircase_zigzag_2,
          grunt_megastairs_2, uniq_enchantress
Depths:3: radiant_caverns_b_rkd, hell_entry, abyss_entry
Depths:4: grunt_zot_entry_bicorn, layout_gridville, pf_hell_entry_tar_river,
          serial_glass, glass_columns_a, glass_columns_a,
          minmay_strange_pillars, due_unseen_surprise
Zot:1:    grunt_twist_and_shout, layout_onion_interference,
          gammafunk_ghost_berserking_beasts
Zot:2:    hellmonk_paralyzer, layout_gridlike, hangedman_zot_decor_tridents,
          zot_minivault_1, lemuel_elevator
Zot:3:    layout_gridlike
Zot:4:    layout_basic, zot_minivault_4
Zot:5:    layout_basic, st_stairs_12

Skill      XL: |  1  2  3  4  5  6  7  8  9 10 11 12 13 14 15 16 17 18 19 20 21 22 23 24 25 26 27 |
---------------+----------------------------------------------------------------------------------+-----
Conjurations   | 2 3 4 5 6 7 8 10 11 12 13 14 16 17 18 19 20 22 23 24 26 27 | 27.0
Dodging        | 3 5 9 10 12 13 15 17 18 20 21 22 24 26 | 26.9
Translocations | 2 4 5 6 |  6.1
Spellcasting   | 5 9 11 12 14 15 16 18 19 20 | 20.5
Earth Magic    | 5 7 12 | 12.0
Ice Magic      | 3 5 |  5.5
Air Magic      | 3 5 |  5.0
Fighting       | 5 10 | 10.0
Evocations     | 6 10 12 | 12.0
Staves         | 6 9 12 | 12.0
Shields        | 3 6 |  6.0
Stealth        | 4 9 15 | 15.0
Fire Magic     | 11 13 18 20 21 22 24 26 | 26.3
Summonings     | |  1.1

Action                     |  1- 3 |  4- 6 |  7- 9 | 10-12 | 13-15 | 16-18 | 19-21 | 22-24 | 25-27 || total
---------------------------+-------+-------+-------+-------+-------+-------+-------+-------+-------++-------
  Melee: Dagger            |     3 |    85 |    30 |   158 |       |       |       |       |       ||   276
         Punch             |       |     1 |       |       |       |       |       |       |       ||     1
         Short sword       |       |       |   102 |       |       |       |       |       |       ||   102
         Staff             |       |       |       |     9 |    15 |    18 |    87 |   116 |   247 ||   492
   Cast: Magic Dart        |   102 |   207 |   160 |   149 |       |       |       |       |       ||   618
         Mephitic Cloud    |       |     1 |    18 |    34 |     3 |     6 |     1 |       |       ||    63
         Blink             |       |     1 |     1 |       |       |     8 |       |    11 |     4 ||    25
         Iskenderun's Myst |       |       |    27 |    73 |    64 |    94 |    74 |    73 |    88 ||   493
         Stone Arrow       |       |       |       |   129 |   356 |   394 |       |       |       ||   879
         Freezing Cloud    |       |       |       |     2 |    28 |    83 |    23 |       |       ||   136
         Arcjolt           |       |       |       |       |    22 |     7 |       |       |       ||    29
         Airstrike         |       |       |       |       |       |     6 |       |       |       ||     6
         Leda's Unmaking   |       |       |       |       |       |   246 |   479 |   498 |   293 ||  1516
         Lee's Rapid Decon |       |       |       |       |       |     4 |     5 |    41 |    12 ||    62
         Fire Storm        |       |       |       |       |       |       |       |   153 |   326 ||   479
         Starburst         |       |       |       |       |       |       |       |     3 |    11 ||    14
         Plasma Beam       |       |       |       |       |       |       |       |     3 |     1 ||     4
         Orb of Destructio |       |       |       |       |       |       |       |    32 |     6 ||    38
  Evoke: Wand              |       |       |     3 |     2 |       |       |       |     9 |     5 ||    19
         Lightning rod     |       |       |       |       |       |     4 |     1 |     1 |       ||     6
    Use: Scroll            |       |    13 |     2 |     9 |     7 |    11 |     4 |     6 |    13 ||    65
         Potion            |       |       |     1 |     1 |     1 |     7 |     2 |       |    15 ||    27
   Stab: Confused          |       |       |     8 |    17 |       |       |       |       |       ||    25
         Sleeping          |       |       |       |       |       |       |       |     2 |       ||     2
         Distracted        |       |       |       |       |       |       |       |     1 |     5 ||     6
 Armour: Robe              |     7 |    67 |    18 |       |       |       |       |       |       ||    92
         Steam dragon scal |       |       |    21 |    36 |       |       |       |       |       ||    57
         Animal skin       |       |       |       |     1 |    17 |    41 |    26 |    48 |    45 ||   178
  Dodge: Dodged            |    20 |    87 |   142 |   243 |   107 |   264 |   210 |   321 |   445 ||  1839
  Block: Buckler           |       |       |       |       |       |     2 |    61 |   117 |   128 ||   308

Table legend: (Time is in decaauts)
 A = Elapsed time spent in this place.
 B = Non-inter-level travel time spent in this place.
 C = Inter-level travel time spent in this place.
 D = Time resting spent in this place.
 E = Time spent auto-exploring this place.
 F = Levels seen in this place.
 G = Mean time per level.
                   A        B        C        D        E       F      G
               +--------+--------+--------+--------+--------+-----+--------+
         Total |  98306 |  88592 |   9714 |  13184 |  61080 |  61 | 1611.6 |
       Dungeon |  20453 |  17839 |   2614 |   1551 |  13523 |  15 | 1363.5 |
        Temple |     12 |      6 |      6 |      0 |      0 |   1 |   12.0 |
          Lair |   7815 |   6703 |   1112 |    757 |   5015 |   5 | 1563.0 |
         Swamp |   6681 |   6173 |    508 |   1143 |   4205 |   4 | 1670.2 |
     Snake Pit |   8023 |   7378 |    645 |   1401 |   4922 |   4 | 2005.8 |
    Slime Pits |   3965 |   3616 |    349 |    868 |   2115 |   5 |  793.0 |
  Orcish Mines |   2475 |   2145 |    330 |    313 |   1381 |   2 | 1237.5 |
   Elven Halls |   5746 |   5325 |    421 |   1035 |   3587 |   3 | 1915.3 |
        Vaults |  13744 |  12624 |   1120 |   2318 |   8306 |   5 | 2748.8 |
         Crypt |   6337 |   5967 |    370 |    704 |   4360 |   3 | 2112.3 |
        Depths |   8565 |   7922 |    643 |   1003 |   5924 |   4 | 2141.2 |
           Zot |  10710 |   9118 |   1592 |   1315 |   6688 |   5 | 2142.0 |
         Abyss |   1837 |   1837 |      0 |    339 |    196 |   4 |  459.2 |
      Ice Cave |   1937 |   1937 |      0 |    435 |    855 |   1 | 1937.0 |
               +--------+--------+--------+--------+--------+-----+--------+

Top non-repeatable levels by time:
 Snake:4: 3910 daAuts
 Crypt:3: 3905 daAuts
   Zot:5: 3443 daAuts
Vaults:4: 3407 daAuts
Vaults:3: 3258 daAuts
Vaults:2: 3033 daAuts
Depths:3: 2803 daAuts
   Zot:4: 2725 daAuts
Vaults:5: 2676 daAuts
  Lair:3: 2489 daAuts
Depths:4: 2421 daAuts
 Swamp:3: 2354 daAuts
   Elf:3: 2264 daAuts
  Lair:5: 1986 daAuts
   IceCv: 1937 daAuts
